 Dungeon Crawl Stone Soup version 0.22.1-2-g9c5b331383 (webtiles) character file.

60 Revguard the Grave Robber (level 3, -4/24 HPs)
             Began as a Mummy Necromancer on Dec 16, 2018.
             Slain by a scorpion (10 damage)
             ... on level 2 of the Dungeon.
             The game lasted 00:06:26 (1017 turns).

Revguard the Grave Robber (Mummy Necromancer)       Turns: 1017, Time: 00:06:26

Health: -4/24      AC:  3    Str: 11    XL:     3   Next: 82%
Magic:  0/8        EV: 15    Int: 14    God:
Gold:   62         SH:  0    Dex: 13    Spells: 7/9 levels left

rFire    x . .     SeeInvis .   b - +0 spear
rCold    + . .     Gourm    .   (no shield)
rNeg     + + +     Faith    .   a - +0 robe
rPois    ∞         Spirit   .   (no helmet)
rElec    .         Reflect  .   (no cloak)
rCorr    .         Harm     .   (no gloves)
MR       .....                  e - +0 pair of boots
Stlth    ++........             (no amulet)
HPRegen  0.08/turn              f - +3 ring of evasion
MPRegen  0.11/turn              (no ring)

@: no status effects
A: no food or potions, fire vulnerability, cold resistance 1, negative energy
resistance 3, torment resistance, unbreathing
a: no special abilities


You were on level 2 of the Dungeon.
You were not hungry.

You visited 1 branch of the dungeon, and saw 2 of its levels.

You collected 62 gold pieces.

Inventory:

Hand Weapons
 b - a +0 spear (weapon)
Armour
 a - a +0 robe (worn)
 e - a +0 pair of boots (worn)
Jewellery
 f - a +3 ring of evasion (left hand)
Scrolls
 c - a scroll of identify {unknown}
 d - a scroll of remove curse {unknown}


   Skills:
 + Level 1.8 Dodging
 + Level 1.7 Stealth
 + Level 3.9 Spellcasting
 + Level 4.7 Necromancy


You had 7 spell levels left.
You knew the following spells:

 Your Spells              Type           Power        Failure   Level  Hunger
a - Pain                  Necr           ###.         2%          1    N/A
b - Animate Skeleton      Necr           N/A          2%          1    N/A

Your spell library contained the following spells:

 Spells                   Type           Power        Failure   Level  Hunger
 Vampiric Draining        Necr           ###.......   9%          3    N/A
 Animate Dead             Necr           N/A          28%         4    N/A
 Regeneration             Chrm/Necr      Unusable     N/A         3    N/A

Dungeon Overview and Level Annotations

Branches:
Dungeon (2/15)

Altars:


Innate Abilities, Weirdness & Mutations

You do not eat or drink.
Your flesh is vulnerable to fire.
You are immune to poison.
Your flesh is cold resistant. (rC+)
You are immune to negative energy. (rN+++)
You are immune to unholy pain and torment.
You can survive without breathing.


Message History

The scorpion is lightly wounded.
The scorpion barely misses you.
You hit the scorpion but do no damage.
The scorpion is lightly wounded.
The scorpion closely misses you.
You barely miss the scorpion.
The scorpion is lightly wounded.
The scorpion barely misses you.
Casting: Pain (safe; 2% risk of failure)
Confirm with . or Enter, or press ? or * to list all spells.
Aiming: Pain (safe; 2% risk of failure)
Press: ? - help, Shift-Dir - straight line, f/p - scorpion
Aim: a scorpion (lightly wounded, chance to defeat MR: 73%)
The scorpion writhes in agony!
The scorpion stings you.
You closely miss the scorpion.
The scorpion is heavily wounded.
The scorpion stings you.
* * * LOW HITPOINT WARNING * * *
The scorpion stings you!
You die...

.. #.. #.. # ..#
###### ... #.....
.####.####### #.####
.......b....# #.# #
.#.###s###.#######.#
#@# #....†....# #.#
########..# ### ####


You could see a scorpion and a bat.

Vanquished Creatures
  Terence (D:2)
  An adder (D:2)
  A giant cockroach (D:1)
  4 goblins (D:1)
  5 hobgoblins (D:1)
  A quokka (D:2)
  4 bats
  2 frilled lizards (D:1)
  3 kobolds (D:1)
  7 rats (D:1)
29 creatures vanquished.

Notes
Turn   | Place    | Note
-------+----------+-------------------------------------------
     0 | D:1      | Revguard the Mummy Necromancer began the quest for the Orb.
     0 | D:1      | Reached XP level 1. HP: 13/13 MP: 4/4
    22 | D:1      | Learned a level 1 spell: Animate Skeleton
   156 | D:1      | Reached XP level 2. HP: 14/19 MP: 2/5
   929 | D:2      | Reached XP level 3. HP: 23/24 MP: 2/8
   949 | D:2      | Noticed Terence
   954 | D:2      | Noticed a scorpion
   989 | D:2      | Killed Terence
  1017 | D:2      | Slain by a scorpion

Skill      XL: |  1  2 |
---------------+-------+-----
Spellcasting   | 3 |  3.9
Dodging        | |  1.8
Stealth        | |  1.7
Necromancy     | |  4.7

Action                   || total
-------------------------++-------
Melee: Unarmed           ||     8
       Spear             ||    62
 Cast: Pain              ||    36
       Animate Skeleton  ||     5
Armor: Robe              ||    11
Dodge: Dodged            ||    49
